 Dungeon Crawl Stone Soup version 0.28.0-45-g0d030f2227 (webtiles) character file.

Game seed: 4115027216785778791

260 MisterFreud the Cudgeller (level 5, -2/43 HPs)
             Began as a Palentonga Fighter on Apr 1, 2022.
             Slain by an ogre
             ... wielding a +0 giant spiked club
              (25 damage)
             ... on level 4 of the Dungeon.
             The game lasted 00:04:21 (4060 turns).

MisterFreud the Cudgeller (Palentonga Fighter)      Turns: 4060, Time: 00:04:21

Health: -2/43      AC:  7    Str: 21    XL:     5   Next: 95%
Magic:  5/5        EV:  7    Int:  8    God:
Gold:   90         SH:  4    Dex: 10    Spells: 4/4 levels left

rFire   . . .      SeeInvis +   a - +0 flail
rCold   . . .      Faith    .   c - +0 buckler
rNeg    . . .      Spirit   .   b - +0 scale mail
rPois   .          Reflect  .   e - +0 helmet
rElec   .          Harm     .   (no cloak)
rCorr   .          Rampage  .   (no gloves)
Will    .....                   (no barding)
Stlth   ..........              (no amulet)
HPRegen 0.14/turn               (no ring)
MPRegen 0.09/turn               (no ring)

@: no status effects
A: large, rugged brown scales 3, see invisible, deformed body, roll 1, armoured
tail
a: Rolling Charge


You were on level 4 of the Dungeon.
You visited 1 branch of the dungeon, and saw 4 of its levels.

You collected 90 gold pieces.

Inventory:

Hand Weapons
 a - a +0 flail (weapon)
Missiles
 k - 3 poisoned darts
 m - a throwing net
Armour
 b - a +0 scale mail (worn)
 c - a +0 buckler (worn)
 e - a +0 helmet (worn)
Jewellery
 i - a ring of fire
Scrolls
 f - a scroll of teleportation {unknown}
 g - a scroll of magic mapping {unknown}
 j - a scroll of fear {unknown}
 l - 2 scrolls of identify {unknown}
Potions
 d - 3 potions of curing
 h - a potion of flight {unknown}


   Skills:
 - Level 3.1 Fighting
 + Level 6.0 Maces & Flails
 - Level 2.5 Armour
 - Level 2.5 Shields


You had 4 spell levels left.
You didn't know any spells.
Your spell library contained the following spells:

 Spells                   Type           Power      Damage    Failure   Level
 Apportation              Tloc           0%         N/A       83%         1
 Alistair's Intoxication  Tmut/Pois      0%         N/A       100%        5


Dungeon Overview and Level Annotations

Branches:
Dungeon (4/15)
 Temple: D:4-7

Altars:


Innate Abilities, Weirdness & Mutations

You are completely covered in rugged brown scales. (AC +3, +7% HP)
You have supernaturally acute eyesight. (SInv)
Armour fits poorly on your strangely shaped body.
You can roll at nearby foes to attack.
You have a long armoured tail.


Message History

The endoplasm quivers.
The jackal barks!
You roll forward with a clatter of scales!
You miss the jackal.
You hear a bark!
The jackal bites you but does no damage.
An ice beast comes into view.
The jackal bites you.
The endoplasm hits you but does no damage.
A jackal comes into view.
The jackal barely misses you. The endoplasm barely misses you.
The jackal bites you but does no damage.
You sock the jackal!
You kill the jackal!
You hit the endoplasm.
You kill the endoplasm!
The jackal barks!
You see here a +0 helmet.
Okay, then.
There is a stone staircase leading down, spattered with blood here.
You climb downwards.
The orc hits you with a +0 mace. The orc barely misses you.
There is a stone staircase leading up, spattered with blood here.
Okay, then.
You sock the ogre!
The ogre is moderately wounded.
The ogre barely misses you.
You hit the ogre but do no damage.
The ogre is moderately wounded.
The ogre closely misses you.
You barely miss the ogre.
The ogre is moderately wounded.
The ogre hits you with a +0 giant spiked club!
It was a potion of curing.
You feel better.
The ogre hits you with a +0 giant spiked club!
You hit the ogre. You tail-slap the ogre.
The ogre is heavily wounded.
The ogre hits you with a +0 giant spiked club!!
Ouch! That really hurt!
You die...

########## #
#......... #.
#.########
#.####.####
#####.........#
...>.....#.##.#
########@#.##.#
##O#.##.## ##
#.o..##<.#
....#....###.#
#....###..#
##......#.#
#.######..# #.#
#..# #. #..#


You could see an ogre and an orc.

Vanquished Creatures
  A hound (D:3)
  Terence (D:3)
  Natasha (thrice) (D:2)
  5 gnolls
  2 adders
  A dart slug (D:2)
  A worm (D:3)
  5 orcs
  10 endoplasms
  A giant cockroach (D:1)
  4 hobgoblins
  A jackal (D:3)
  A quokka (D:3)
  3 ball pythons (D:1)
  9 bats
  3 frilled lizards
  4 goblins
  6 kobolds
  3 rats
64 creatures vanquished.

Notes
Turn   | Place    | Note
-------+----------+-------------------------------------------
     0 | D:1      | MisterFreud the Palentonga Fighter began the quest for the
                  | Orb.
     0 | D:1      | Reached XP level 1. HP: 19/19 MP: 1/1
    49 | D:1      | Reached XP level 2. HP: 19/25 MP: 2/2
   697 | D:1      | Reached XP level 3. HP: 31/31 MP: 3/3
   786 | D:1      | Reached skill level 3 in Maces & Flails
  2057 | D:2      | Noticed Natasha
  2064 | D:2      | Killed Natasha
  2065 | D:2      | Reached skill level 4 in Maces & Flails
  2065 | D:2      | Reached XP level 4. HP: 16/37 MP: 4/4
  2276 | D:2      | Found a faded altar of an unknown god.
  2376 | D:2      | Noticed Natasha
  2380 | D:2      | Killed Natasha
  2586 | D:2      | Noticed Natasha
  2592 | D:2      | Killed Natasha
  2752 | D:2      | Reached XP level 5. HP: 35/43 MP: 5/5
  2978 | D:3      | Noticed Terence
  2999 | D:3      | Killed Terence
  3000 | D:3      | Reached skill level 5 in Maces & Flails
  3909 | D:4      | Noticed an ogre
  3930 | D:3      | Reached skill level 6 in Maces & Flails
  4030 | D:3      | Noticed an ice beast
  4060 | D:4      | Slain by an ogre

Illustrated notes

Levels and vault maps discovered:
D:1:      dpeg_arrival_tiny_i, layout_basic, serial_co_window_serial,
          co_window_paths_a, co_window_corner_a, co_window_of_opportunity_a,
          co_window_paths_a, co_window_paths_a, co_window_cross_1,
          co_window_paths_a, co_window_corner_a, co_window_paths_b,
          co_window_2corner, co_window_broadway_b, co_window_corner_ca,
          co_window_4corner_a
D:2:      layout_loops_ring, serial_aquarium, aquarium_bridge_square
          [aquarium_subvault_bridge, aquarium_subvault_bridge,
          aquarium_subvault_wall, aquarium_subvault_wall], aquarium_window_1,
          aquarium_window_2, aquarium_window_2, aquarium_view_2b,
          aquarium_view_4, aquarium_balcony_3a, aquarium_pool_2,
          shapermc_ecumenical_altar_venn, uniq_natasha
D:3:      layout_loops_ring, st_stairs_7, kennysheep_nub, uniq_terence
D:4:      layout_loops_ring, nicolae_ru_path_of_blood

Skill      XL: |  1  2  3  4  5 |
---------------+----------------+-----
Maces & Flails | 4 6 |  6.0
Fighting       | |  3.1
Armour         | |  2.5
Shields        | |  2.5

Action                   |  1- 3 |  4- 6 || total
-------------------------+-------+-------++-------
Melee: Flail             |    99 |    95 ||   194
       Tailslap          |     8 |    14 ||    22
 Abil: Rolling Charge    |    18 |    16 ||    34
  Use: Potion            |     2 |     1 ||     3
Armor: Scale mail        |    56 |    37 ||    93
Dodge: Dodged            |    40 |    30 ||    70
Block: Buckler           |    20 |    23 ||    43
